 Dungeon Crawl Stone Soup version 0.18.1-48-g4cf74bf (webtiles) character file.

38 MistressOfTheDunes the Insei (level 3, 0/29 HPs)
             Began as a Mummy Monk on June 27, 2016.
             Slain by a kobold (3 damage)
             ... on level 2 of the Dungeon.
             The game lasted 00:01:06 (1746 turns).

MistressOfTheDunes the Insei (Mummy Monk)           Turns: 1746, Time: 00:01:07

Health: 0/29       AC:  0    Str: 14    XL:     3   Next: 25%
Magic:  3/3        EV: 13    Int:  9    God:
Gold:   67         SH:  0    Dex: 15    Spells: 0 memorised, 2 levels left

rFire  x . .     SeeInvis .       - Unarmed
rCold  + . .     Gourm    .     (no armour)
rNeg   + + +     Faith    .     (no shield)
rPois  ∞         Spirit   .     (no helmet)
rElec  .         Dismiss  .     (no cloak)
rCorr  .         Reflect  .     (no gloves)
SustAt .         Harm     .     (no boots)
MR     .....                    (no amulet)
Stlth  ++........               (no ring)
                                (no ring)

@: not resistant to hostile enchantments, unstealthy
A: no food or potions, fire vulnerability, cold resistance 1, negative energy
resistance 3, torment resistance, unbreathing
a: no special abilities


You were on level 2 of the Dungeon.
You were not hungry.

You visited 1 branch of the dungeon, and saw 2 of its levels.

You collected 67 gold pieces.


Innate Abilities, Weirdness & Mutations

You do not eat or drink.
Your flesh is vulnerable to fire.
You are immune to poison.
Your flesh is cold resistant.
You are immune to negative energy.
You are immune to unholy pain and torment.
You can survive without breathing.


   Skills:
 - Level 3.0 Fighting
 - Level 2.4 Dodging
 - Level 1.5 Stealth
 + Level 4.2 Unarmed Combat


You had 2 spell levels left.
You didn't know any spells.

Inventory:

Scrolls
 a - 2 scrolls of identify {unknown}
 b - a scroll of noise {unknown}
 c - a scroll of fear {unknown}
 d - a scroll of blinking {unknown}
 e - a scroll of teleportation {unknown}
 f - a scroll of magic mapping {unknown}

Dungeon Overview and Level Annotations

Branches:
Dungeon (2/15)

Altars:

▒<.....▒ ▒▒▒▒▒▒▒▒▒.▒▒▒
▒......(....▒
▒▒▒▒▒▒▒▒▒▒.▒▒▒▒▒(▒.▒.▒
..%....%.▒.....).▒.▒.▒
▒▒▒▒▒▒▒▒.▒▒▒▒▒▒▒.▒.▒.▒ ▒.▒
▒.▒...▒ ▒.▒ ▒.▒▒▒▒▒ ▒▒▒▒▒ ▒.▒
▒M▒ ...[▒ ▒.▒ ▒K▒ ▒▒▒.▒ ▒.▒
▒.▒▒▒▒▒▒▒▒▒▒▒▒▒▒▒
▒▒▒.▒▒▒▒.▒▒▒▒▒▒▒...B.....)......
................................
▒.▒▒▒▒▒▒.▒▒▒▒▒▒▒▒▒▒▒▒▒▒▒▒▒▒▒▒▒▒▒
▒>..................
▒.▒▒▒▒▒▒)▒▒▒▒▒▒▒▒▒▒▒ ..▒ ▒.▒


You could see a kobold.


Message History

You annihilate the kobold!!!
You barely miss the giant cockroach! The giant cockroach misses you!
You pulverise the giant cockroach!
You annihilate the giant cockroach!!!
The kobold throws a stone!
The stone hits you!
You swing at nothing!
The kobold throws a stone!
The stone barely misses you!
You swing at nothing!
The kobold throws a stone!
The stone hits you! * * * don't die
* * * You swing at nothing!
You swing at nothing!
The kobold throws a stone!
The stone hits you but does no damage!
You swing at nothing!
The kobold throws a stone!
The stone closely misses you!
You swing at nothing!
You barely miss the kobold! The kobold hits you! * * * don't die
* * * You pummel the kobold like a punching bag!
The kobold is moderately wounded!
The kobold barely misses you!
You barely miss the kobold!
The kobold is moderately wounded!
The kobold hits you! * * * don't die
* * * You pulverise the kobold but do no damage!
The kobold is moderately wounded!
The kobold hits you! * * * don't die
* * * You pummel the kobold like a punching bag!
The kobold is heavily wounded!
The kobold hits you! rip

Action                   || total
-------------------------++-------
Melee: Unarmed           ||   114
 Stab: Sleeping          ||     3
Dodge: Dodged            ||    69

Vault maps used:
D:1:      dpeg_arrival_lava_temple_mockup, st_stairs_1
D:2:      first_bread

Notes
Turn   | Place    | Note
--------------------------------------------------------------
     0 | D:1      | MistressOfTheDunes the Mummy Monk began the quest for the Orb.
     0 | D:1      | Reached XP level 1. HP: 18/18 MP: 1/1
   437 | D:1      | Reached XP level 2. HP: 20/24 MP: 2/2
   706 | D:1      | Reached skill level 4 in Unarmed Combat
  1348 | D:2      | Reached XP level 3. HP: 11/29 MP: 3/3
  1746 | D:2      | Slain by a kobold

Vanquished Creatures
  A giant gecko (D:2)
  4 ball pythons (D:1)
  4 giant cockroaches
  5 goblins
  5 hobgoblins
  3 giant newts
  5 kobolds
  6 rats (D:1)
33 creatures vanquished.
